 Dungeon Crawl Stone Soup version 0.30-b1-2-g02819fbbbe (webtiles) character file.

Game seed: 5495154595992161703

3 snakesoul the Magician (level 1, -2/15 HPs)
             Began as a Djinni Summoner on June 4, 2023.
             Slain by a hobgoblin (4 damage)
             ... on level 1 of the Dungeon.
             The game lasted 00:00:41 (222 turns).

snakesoul the Magician (Djinni Summoner)             Turns: 222, Time: 00:00:42

Health: -2/15      AC:  2    Str:  7    XL:     1   Next: 55%
Gold:   25         EV: 12    Int: 16    God:
                   SH:  0    Dex: 13

rFire   + + .        c - +0 whip
rCold   x . .        (no shield)
rNeg    . . .        a - +0 robe
rPois   ∞            (no helmet)
rElec   .            (no cloak)
rCorr   .            (no gloves)
SInv    .            (boots unavailable)
Will    .....        (no amulet)
Stlth   ++           (no ring)
HPRegen 0.22/turn    (no ring)
MPRegen 0.00/turn

%: infuse magic (-3 HP)
@: flying
A: sickness immunity, fire resistance 2, cold vulnerability 1, float, innate
caster, HP casting, extra vitality 1
a: no special abilities


You were on level 1 of the Dungeon.
You visited 1 branch of the dungeon, and saw 1 of its levels.

You collected 25 gold pieces.

Inventory:

Hand Weapons
 c - a +0 whip (weapon)
Armour
 a - a +0 robe (worn)
Scrolls
 b - a scroll of identify {unknown}


   Skills:
 - Level 2.1 Dodging
 - Level 1.5 Stealth
 + Level 3.4 Spellcasting


You knew the following spells:

 Your Spells              Type           Power      Damage    Failure   Level
a - Summon Small Mammal   Summ           52%        N/A       4%          1
b - Call Imp              Summ           26%        N/A       7%          2
c - Call Canine Familiar  Summ           13%        N/A       13%         3
d - Summon Guardian Gole  Hex/Summ       13%        N/A       13%         3
e - Summon Lightning Spi  Summ/Air       13%        N/A       41%         4
Your spell library was empty.

Dungeon Overview and Level Annotations

Branches:
Dungeon (1/15)

Altars:


Innate Abilities, Weirdness & Mutations

You are immune to sickness and miasma.
You are immune to poison.
Your flesh is very heat resistant. (rF++)
You are vulnerable to cold. (rC-)
You float through the air rather than walking.
You learn spells naturally, not from books.
Your magical power is your life essence.
You have superior vitality. (+4 MHP)


Message History

Your bat hits the endoplasm. The endoplasm hits you.
You hit the endoplasm but do no damage.
The endoplasm is almost dead.
Your bat hits the endoplasm.
The endoplasm dies!
Unknown command.
You see here a +0 whip.
c - a +0 whip (weapon)
You swap places.
You now have 9 gold pieces.
You now have 17 gold pieces (gained 8).
You swap places.
Your rat disappears in a puff of smoke!
You swap places.
You swap places.
Your bat disappears in a puff of smoke!
You now have 25 gold pieces (gained 8).
A hobgoblin comes into view.
Found a white potion.
A goblin comes into view. It is wielding a +1 dagger of draining.
The goblin shouts!
The hobgoblin shouts!
Your bat disappears in a puff of smoke!
Your bat disappears in a puff of smoke!
Your bat hits the hobgoblin but does no damage.
Your bat barely misses the hobgoblin.
Found a faded altar of an unknown god.
Your bat misses the hobgoblin.
Your bat hits the hobgoblin but does no damage.
The goblin hits you with a +1 dagger of draining.
The hobgoblin hits you.
You are too injured to fight recklessly!
You are too injured to fight recklessly!
You are too injured to fight recklessly!
You are too injured to fight recklessly!
You hit the goblin.
The goblin is heavily wounded.
Your bat barely misses the hobgoblin.
Your bat misses the hobgoblin.
The goblin hits you with a +1 dagger of draining.
* * * LOW HITPOINT WARNING * * *
The hobgoblin hits you.
You die...

####.###
#......#
##......#
#####.......#
##...........#
##..#########.#
#..####...#####
#..##.......#
#....@g.8...8
#...8bg....._
#.......8...8
#..##..b....#
#######.!.###
####


You could see a hobgoblin (ally target), a goblin and 2 friendly bats.

Vanquished Creatures (collateral kills)
  An endoplasm (D:1)
  A goblin (D:1)
  A bat (D:1)
3 creatures vanquished.

Notes
Turn   | Place    | Note
-------+----------+-------------------------------------------
     0 | D:1      | snakesoul the Djinni Summoner began the quest for the Orb.
     0 | D:1      | snakesoul set off with the following spells memorised:
                  | Summon Small Mammal, Call Imp, Call Canine Familiar, Summon
                  | Guardian Golem, Summon Lightning Spire.
     0 | D:1      | Reached XP level 1. HP: 15/15 MP: 0/0
   221 | D:1      | Found a faded altar of an unknown god.
   222 | D:1      | Slain by a hobgoblin

Illustrated notes

Levels and vault maps discovered:
D:1:      minmay_arrival_arboretum_small, layout_basic, serial_shops,
          shop_fountains, hellmonk_ecumenical_altar_prayer_group,
          corexii_corridor_pit

Action                     || total
---------------------------++-------
  Melee: Unarmed           ||     5
         Whip              ||     1
   Cast: Summon Small Mamm ||     8
 Armour: Robe              ||     1
  Dodge: Dodged            ||     1
